 Dungeon Crawl Stone Soup version 0.31-a0-198-g2ad674f65e (webtiles) character file.

Game seed: 4092220146185387857

21 qw the Shooter (level 2, 0/16 HPs)
             Began as a Deep Elf Hunter on June 25, 2023.
             Succumbed to their own poison gas
             ... on level 1 of the Dungeon.
             The game lasted 00:00:16 (459 turns).

qw the Shooter (Deep Elf Hunter)                     Turns: 459, Time: 00:00:17

Health: 0/16       AC:  7    Str:  8    XL:     2   Next: 62%
Magic:  4/4        EV: 10    Int: 13    God:
Gold:   51         SH:  0    Dex: 18    Spells: 1/1 levels left

rFire   . . .        Y - +1 shortbow
rCold   . . .        (shield currently unavailable)
rNeg    . . .        i - +0 ring mail
rPois   .            (no helmet)
rElec   .            j - +0 cloak
rCorr   .            (no gloves)
SInv    .            k - +0 pair of boots
Will    .....        (no amulet)
Stlth   +            (no ring)
HPRegen 0.22/turn    (no ring)
MPRegen 0.09/turn

%: clarity
@: brilliant, lethally poisoned (0 -> -4), invisible
A: clarity, subdued magic 1
a: no special abilities


You were on level 1 of the Dungeon.
You visited 1 branch of the dungeon, and saw 1 of its levels.

You collected 51 gold pieces.


Innate Abilities, Weirdness & Mutations

You possess an exceptional clarity of mind.
Your spells are a little easier to cast, but a little less powerful.


   Skills:
 - Level 1.5 Fighting
 + Level 6.4 Ranged Weapons
 - Level 2.4 Dodging
 - Level 1.2 Stealth


You had one spell level left.
You didn't know any spells.
Your spell library was empty.

Inventory:

Hand Weapons
 Y - a +1 shortbow (weapon)
Armour
 i - a +0 ring mail (worn)
 j - a +0 cloak (worn)
 k - a +0 pair of boots (worn)
Potions
 f - a potion of mutation
 g - a potion of attraction {unknown}
 n - a potion of curing {unknown}

Dungeon Overview and Level Annotations

Branches:
Dungeon (1/15)

Altars:


Message History

It was a potion of brilliance.
You feel clever all of a sudden.
Done exploring.
452 ||| DROPPING scroll of butterflies.
You drop a scroll of butterflies.
Done exploring.
453 ||| DROPPING potion of invisibility.
You drop a potion of invisibility.
Done exploring.
454 ||| DROPPING 2 potions of brilliance.
You drop 2 potions of brilliance.
Done exploring.
(D) Dungeon
Where to? (* - list waypoints, ? - help)
What level of the Dungeon? (default 1, ? - help) Sorry, I don't know how to get there.
Enter note:
Enter note:
Enter note:
Enter note:
Enter note:
Enter note:
Enter note:
Enter note:
Enter note:
Enter note:
Enter note:
Enter note: Really walk into that cloud of poison gas?
You are poisoned.
Ouch! That really hurt!
You feel very sick.
456 ||| Stepping ~*~*~tactically~*~*~ (cloud).
You feel sick.
Items here: !! ? [.
There is a lethal amount of poison in your body!
You feel sick.
There is a lethal amount of poison in your body!
You feel sick.
There is a lethal amount of poison in your body!
You die...

..............#
##.###........##########
...###........##########
.#..###.......##########
.#...##..0....##..0.0###
.%....#..00...##0.00.###
.........0.0..##000..###
###......0.¤0..).¤.0¤###
# ###.........##@¤000###
# ##..#####¤00...00###
## ##..#00.0##.0.¤0###
.## #..#0#####0.00.###
..# ###....(####000.0###
..###...........¤#######
..............#..#######
................########
####.............#


There were no monsters in sight!

Vanquished Creatures
  A dart slug (D:1)
  An endoplasm (D:1)
  3 giant cockroaches (D:1)
  2 hobgoblins (D:1)
  A jackal (D:1)
  A kobold (D:1)
  2 quokkas (D:1)
  2 goblins (D:1)
  3 rats (D:1)
16 creatures vanquished.

Notes
Turn   | Place    | Note
-------+----------+-------------------------------------------
     0 | D:1      | qw the Deep Elf Hunter began the quest for the Orb.
     0 | D:1      | Reached XP level 1. HP: 12/12 MP: 3/3
     0 | D:1      | 0 ||| qw: Version: 0.3-a-22-g0ed2b0b
     0 | D:1      | 0 ||| qw: Game counter: 4956
     0 | D:1      | 0 ||| qw: Melee chars always use a shield: true
     0 | D:1      | 0 ||| qw: God list: Okawaru
     0 | D:1      | 0 ||| qw: Allow faded altars: false
     0 | D:1      | 0 ||| qw: Do Orc after clearing Dungeon:15 true
     0 | D:1      | 0 ||| qw: Do second Lair branch before Depths: true
     0 | D:1      | 0 ||| qw: Lair rune preference: random
     0 | D:1      | 0 ||| qw: Goals: Normal
     0 | D:1      | 0 ||| PLANNING D:1-11
    63 | D:1      | 63 ||| FLEEEEING.
    64 | D:1      | 64 ||| FLEEEEING.
    65 | D:1      | 65 ||| FLEEEEING.
    66 | D:1      | 66 ||| FLEEEEING.
    67 | D:1      | 67 ||| FLEEEEING.
    68 | D:1      | 68 ||| FLEEEEING.
    69 | D:1      | 69 ||| FLEEEEING.
    70 | D:1      | 70 ||| FLEEEEING.
   101 | D:1      | Reached skill level 6 in Ranged Weapons
   101 | D:1      | Reached XP level 2. HP: 16/16 MP: 4/4
   152 | D:1      | Found a faded altar of an unknown god.
   425 | D:1      | 425 ||| UPGRADING to +0 ring mail.
   435 | D:1      | 435 ||| DROPPING +0 leather armour.
   436 | D:1      | 436 ||| UPGRADING to +0 cloak.
   441 | D:1      | 441 ||| UPGRADING to +0 pair of boots.
   446 | D:1      | 446 ||| READING scroll labelled XUAFODI IBUXI.
   447 | D:1      | 447 ||| READING scroll labelled JOAJIXZ BEEMN.
   448 | D:1      | 448 ||| READING scroll labelled SETHRI EN QEIN.
   449 | D:1      | 449 ||| DRINKING 2 silvery potions.
   450 | D:1      | 450 ||| DRINKING 2 cyan potions.
   450 | D:1      | Gained mutation: Your spells are a little easier to cast,
                  | but a little less powerful. [potion of mutation]
   450 | D:1      | Gained mutation: You possess an exceptional clarity of
                  | mind. [potion of mutation]
   451 | D:1      | 451 ||| DRINKING 3 bubbling emerald potions.
   452 | D:1      | 452 ||| DROPPING scroll of butterflies.
   453 | D:1      | 453 ||| DROPPING potion of invisibility.
   454 | D:1      | 454 ||| DROPPING 2 potions of brilliance.
   456 | D:1      | 456 ||| Stepping ~*~*~tactically~*~*~ (cloud).
   456 | D:1      | HP: 3/16 [poisoned by you (poison gas)]
   458 | D:1      | HP: 1/16 [poisoned by you (poison gas)]
   459 | D:1      | Succumbed to their own poison gas

Levels and vault maps discovered:
D:1:      saegor_arrival_simple_e, layout_rooms,
          shapermc_ecumenical_altar_rom_forum, st_stairs_11, minmay_domino_4

Skill      XL: |  1 |
---------------+----+-----
Ranged Weapons | 6 |  6.4
Fighting       | |  1.5
Dodging        | |  2.4
Stealth        | |  1.2

Action                     || total
---------------------------++-------
   Fire: Shortbow          ||    38
    Use: Scroll            ||     3
         Potion            ||     3
 Armour: Leather armour    ||     1
  Dodge: Dodged            ||     3

Table legend:
 A = Non-vault XP
 B = Vault XP
 C = Vault XP percentage of total XP
 D = Non-vault monster count
 E = Vault monster count
 F = Vault count percentage of total count
                 A         B        C        D         E       F
            +---------+---------+-------+---------+---------+-------
      Total |      19 |      11 |  36.7 |      11 |       5 |  31.2
            +---------+---------+-------+---------+---------+-------
        D:1 |      19 |      11 |  36.7 |      11 |       5 |  31.2
            +---------+---------+-------+---------+---------+-------
